AoeStats
← ?

Nomad

504439839Analyzed
2v2 RM · 28d ago on Sep 5, 2026· 81m 30s· 4 players
Game mode
Random Map
Map size
176×176
Population
200
Speed
Normal
Resources
Standard
Victory
Conquest
Starting age
Dark Age
Ending age
Imperial Age
RankedLock teamsTeams togetherTeam positionsShared explorationLock speedFull tech treeHidden civsTurbo modeCheats
Victory
Defeat
🇷🇴 Berbers · Romania
836
+14
🇦🇷 Vietnamese · Argentina
809
+14
🇦🇺 Bulgarians · Australia
784
-14
🇦🇺 Wu · Australia
776
-14
SmallPP4000
16:12 Feudal Age
16:20 Loom
16:53 Double-Bit Axe
16:52 Fishing Lines
20:01 Gold Mining
20:05 Stone Mining
22:36 Castle Age
23:36 Squires
23:22 Arson
24:49 Gold Shaft Mining
25:25 Medium Warships
25:26 Gillnets
29:00 Scale Mail Armor
29:11 Forging
30:13 Stone Shaft Mining
46:01 Pikeman
50:10 Horse Collar
50:55 Bow Saw
63:27 Chain Mail Armor
Curlz
14:42 Feudal Age
13:34 Loom
15:28 Fishing Lines
16:10 Double-Bit Axe
17:38 Wheelbarrow
19:12 Gold Mining
23:01 Castle Age
21:25 Forging
21:22 Scale Barding Armor
23:11 Gold Mining
23:15 Stone Mining
25:59 Gold Shaft Mining
26:07 Hand Cart
26:34 Stone Shaft Mining
26:10 Bow Saw
26:27 Chain Barding Armor
26:18 Husbandry
26:35 Gillnets
28:31 Pikeman
39:04 Imperial Age
39:51 Halberdier
40:21 Elite Konnik
42:26 Cavalier
43:06 Onager
44:50 Bloodlines
44:04 Light Cavalry
46:48 Siege Onager
48:42 Arson
48:57 Squires
48:43 Gambesons
49:50 Horse Collar
50:48 Iron Casting
50:13 Scale Mail Armor
50:48 Plate Barding Armor
50:04 Fletching
50:14 Padded Archer Armor
62:19 Town Watch
62:43 Stirrups
64:07 Blast Furnace
63:23 Chain Mail Armor
63:43 Plate Barding Armor
63:04 Bodkin Arrow
63:24 Leather Archer Armor
LOST
14:48 Feudal Age
15:23 Fishing Lines
17:09 Double-Bit Axe
21:53 Castle Age
22:05 Scale Barding Armor
22:11 Forging
22:13 Horse Collar
23:51 Husbandry
24:01 Bloodlines
24:39 Wheelbarrow
25:08 Heavy Plow
25:20 Bow Saw
26:31 Town Watch
26:33 Loom
27:05 Hand Cart
32:37 Chain Barding Armor
34:50 Iron Casting
36:04 Fletching
36:15 Padded Archer Armor
38:01 Ballistics
37:39 Murder Holes
38:02 Bodkin Arrow
44:05 Pikeman
44:46 Squires
45:05 Leather Archer Armor
44:51 Scale Mail Armor
45:35 Ballistics
49:37 Imperial Age
49:51 Thumb Ring
51:01 Conscription
50:47 Kasbah
50:57 Bracer
51:38 Ring Archer Armor
50:34 Elite Camel Archer
54:26 Cavalier
55:25 Cavalier
56:36 Gold Mining
61:10 Maghrebi Camels
69:58 Medium Warships
72:36 Heavy Camel Rider
79:43 Elite Genitour
?
3:51 Loom
18:22 Feudal Age
18:45 Fishing Lines
19:45 Wheelbarrow
18:57 Horse Collar
19:56 Arson
20:16 Double-Bit Axe
20:18 Town Watch
21:29 Man-at-Arms
23:10 Gold Mining
23:10 Stone Mining
25:15 Scale Mail Armor
25:25 Forging
25:15 Padded Archer Armor
25:05 Fletching
27:05 Scale Barding Armor
29:04 Castle Age
30:34 Bloodlines
31:32 Medium Warships
31:17 Gillnets
31:44 Bodkin Arrow
32:04 Leather Archer Armor
32:06 Chain Mail Armor
32:12 Chain Barding Armor
32:27 Iron Casting
31:18 Long Swordsman
31:59 Squires
32:23 Bow Saw
34:43 Hand Cart
35:12 Crossbowman
36:00 Thumb Ring
35:19 Pikeman
38:01 Heavy Plow
38:38 Stone Shaft Mining
46:33 Chatras
46:44 Husbandry
46:55 Murder Holes
47:01 Elite Skirmisher
50:01 Light Cavalry
61:12 Iron Casting
61:02 Ballistics
65:11 Imperial Age
66:21 Paper Money
66:29 Elite Rattan Archer
70:51 Two-Man Saw
72:26 Chemistry
75:59 Bracer
76:29 Ring Archer Armor
76:34 Plate Barding Armor
76:29 Plate Mail Armor
76:35 Plate Barding Armor
75:31 Imperial Skirmisher
77:07 Elite Fire Lancer
80:12 Plate Mail Armor
81:05 Crop Rotation
Connection lost

Rejoining the realm…

Still unreachable

The connection could not be restored.

Session expired

The server has moved on; the page needs a fresh start.